 Dungeon Crawl Stone Soup version 0.27-a0-1378-gdefffd1ff6 (webtiles) character file.

Game seed: 9992436785014959375

37972 bande the Blocker (level 14, -8/84 HPs)
             Began as a Gargoyle Fighter on June 29, 2021.
             Was the Champion of Okawaru.
             Engulfed by a cloud of freezing vapour (23 damage)
             ... in an ice cave.
             The game lasted 00:41:20 (21895 turns).

bande the Blocker (Gargoyle Fighter)               Turns: 21895, Time: 00:41:21

Health: -8/84      AC: 30    Str: 23    XL:     14   Next: 0%
Magic:  21/21      EV:  7    Int: 10    God:    Okawaru [******]
Gold:   1014       SH: 22    Dex: 10    Spells: 12/13 levels left

rFire    . . .     SeeInvis .   B - +4 war axe (vamp)
rCold    . . .     Faith    .   g - +3 kite shield {AC+3}
rNeg     + . .     Spirit   .   w - +0 plate armour
rPois    ∞         Reflect  +   f - +2 hat {Will+}
rElec    +         Harm     .   (no cloak)
rCorr    .         Rampage  .   (no gloves)
Will     +++..                  o - +0 pair of boots
Stlth    ..........             t - amulet of reflection
HPRegen  0.24/turn              r - ring of willpower
MPRegen  0.17/turn              (no ring)

@: flying
A: sickness immunity, AC +10, big wings, negative energy resistance 1,
electricity resistance, torment resistance 1, petrification resistance
a: Renounce Religion, Heroism, Finesse


You were in an ice cave.
You worshipped Okawaru.
Okawaru was exalted by your worship.
You visited 3 branches of the dungeon, and saw 15 of its levels.
You also visited: Ice Cave.

You collected 1014 gold pieces.

Inventory:

Hand Weapons
 B - a +4 vampiric war axe (weapon)
 F - a +8 broad axe of flaming
Missiles
 A - 3 throwing nets (quivered)
Armour
 f - a +2 hat of willpower (worn)
 g - a +3 kite shield of protection (worn)
 o - a +0 pair of boots (worn)
 w - a +0 plate armour (worn)
Jewellery
 a - a ring of see invisible
 e - an amulet of magic regeneration
 n - a ring of wizardry
 r - a ring of willpower (left hand)
 t - an amulet of reflection (around neck)
 G - a ring of ice
Wands
 i - a wand of polymorph (2)
 y - a wand of paralysis (21)
 C - a wand of mindburst (6)
 H - a wand of iceblast (7)
Scrolls
 b - 2 scrolls of teleportation
 c - 5 scrolls of amnesia
 j - 2 scrolls of identify
 m - 2 scrolls of blinking
 p - 3 scrolls of fog
 s - a scroll of fear
 x - 3 scrolls of enchant armour
 z - 2 scrolls of holy word
Potions
 d - 4 potions of might
 k - 2 potions of curing
 l - a potion of haste
 q - 3 potions of flight
 u - 3 potions of mutation
 v - 2 potions of brilliance
 D - a potion of ambrosia
 E - a potion of heal wounds
 J - a potion of berserk rage {unknown}


   Skills:
 + Level 8.6 Fighting
 + Level 11.8 Axes
 + Level 8.4 Armour
 - Level 2.3 Dodging
 + Level 14.8 Shields
 * Level 5.3 Translocations
 * Level 10.2 Invocations
 * Level 6.9 Evocations


You had 12 spell levels left.
You knew the following spells:

 Your Spells              Type           Power      Damage    Failure   Level
a - Apportation           Tloc           20%        N/A       52%         1

Your spell library contained the following spells:

 Spells                   Type           Power      Damage    Failure   Level
 Blink                    Tloc           N/A        N/A       65%         2
 Gell's Gravitas          Tloc           5%         N/A       87%         3
 Sandblast                Erth           0%         2d4       99%         1
 Shock                    Conj/Air       0%         1d3       99%         1
 Passwall                 Tmut/Erth      0%         N/A       100%        2
 Static Discharge         Conj/Air       0%         N/A       100%        2
 Confusing Touch          Hex            0%         N/A       100%        3
 Stone Arrow              Conj/Erth      0%         3d7       100%        3
 Swiftness                Air            0%         N/A       100%        3
 Airstrike                Air            0%         N/A       100%        4
 Petrify                  Tmut/Erth      0%         N/A       100%        4
 Summon Lightning Spire   Summ/Air       0%         N/A       100%        4
 Bolt of Magma            Conj/Fire/Erth 0%         4d4       100%        5
 Iskenderun's Battlesphe  Conj           0%         2d6       100%        5
 Lee's Rapid Deconstruct  Erth           0%         3d5*      100%        5
 Lightning Bolt           Conj/Air       0%         1d11      100%        5
 Manifold Assault         Tloc           10%        N/A       100%        5
 Metabolic Englaciation   Hex/Ice        0%         N/A       100%        5
 Yara's Violent Unravell  Hex/Tmut       0%         3d3       100%        5
 Iron Shot                Conj/Erth      0%         9d1       100%        6
 Orb of Destruction       Conj           0%         N/A       100%        7
 Spellforged Servitor     Conj/Summ      0%         N/A       100%        7
 Storm Form               Tmut/Air       0%         N/A       100%        7
 Ignition                 Fire           0%         3d3       100%        8
 Polar Vortex             Ice            0%         N/A       100%        9
 Shatter                  Erth           0%         3d5*      100%        9


Dungeon Overview and Level Annotations

Branches:
Dungeon (9/15)             Temple (1/1) D:5            Lair (5/6) D:9
 Shoals (0/4) Lair:3       Spider (0/4) Lair:4          Orc (0/2) D:9
  IceCv (1/1)
  Slime: Lair:5-6

Altars:
Ashenzari
Dithmenos
Elyvilon
Hepliaklqana
Kikubaaqudgha
Makhleb
Nemelex Xobeh
Okawaru
Qazlal
Ru
Sif Muna
Trog
Vehumet
Wu Jian
Xom
Yredelemnul
Zin
The Shining One

Shops:
D:7 (

Annotations:
Lair:3 exclusion: oklob plant


Innate Abilities, Weirdness & Mutations

You are immune to sickness and miasma.
Your stone body is resilient. (AC +10)
You are immune to poison.
Your large and strong wings let you fly.
You resist negative energy. (rN+)
You are resistant to electric shocks. (rElec)
You are resistant to unholy torment.
You are immune to petrification.


Message History

You now have 1014 gold pieces (gained 23).
A yak, a death yak, 3 polar bears and a frost giant come into view.
The frost giant is wielding a +2 battleaxe of freezing.
The yak bellows!
The frost giant shouts!
The death yak bellows!
The polar bear growls angrily.
You hear an angry growl.
A polar bear comes into view.
Unknown command.
You are engulfed in freezing vapours.
You are engulfed in freezing vapours.
You are engulfed in freezing vapours.
The death yak is engulfed in freezing vapours.
You block the death yak's attack.
The polar bear bites you but does no damage.
The polar bear claws you but does no damage.
You block the polar bear's attack.
You barely miss the death yak.
The death yak is lightly wounded.
You are engulfed in freezing vapours.
The death yak is engulfed in freezing vapours.
The death yak gores you but does no damage.
The polar bear is engulfed in freezing vapours.
You hit the death yak.
You feel better.
The death yak is lightly wounded.
You are engulfed in freezing vapours.
The polar bear is engulfed in freezing vapours.
The death yak is engulfed in freezing vapours.
You block the death yak's attack.
The polar bear is engulfed in freezing vapours.
You hit the death yak.
You feel better.
The death yak is moderately wounded.
You are engulfed in freezing vapours.
The polar bear is engulfed in freezing vapours.
The death yak is engulfed in freezing vapours.
The death yak gores you!
* * * LOW HITPOINT WARNING * * *
The polar bear is engulfed in freezing vapours.
You barely miss the death yak.
The death yak is moderately wounded.
You are engulfed in freezing vapours.
You die... #.## ##.# ##.####..# ##.##..## ##.##.## #☼##..# . ##°##.## .Y #.###..## ChY ##☼°###..## hhh

#@##..#...# #..
##Y#.#.#...#
#.Y#hh.≈.###..#
#.Yh##≈##≈#..#
##.##≈≈#≈≈##.#
###≈≈≈≈≈≈##.#
########≈≈≈≈≈##.## ###
#≈≈≈≈#≈≈≈≈≈≈≈≈#.#
#≈####≈≈≈≈≈≈≈≈≈≈≈≈≈≈##


You could see a death yak, 3 polar bears and a yak.

Vanquished Creatures
  Gastronok (D:8)
  Harold (Lair:2)
  A boulder beetle (Lair:4)
  3 hydras
  A catoblepas (Lair:3)
  2 death yaks (IceCv)
  An orb spider (Lair:4)
  Maurice (D:8)
  2 black mambas (Lair:3)
  Joseph (D:7)
  4 rime drakes
  An ice statue (IceCv)
  10 cane toads
  6 komodo dragons
  2 trolls
  10 polar bears (IceCv)
  2 hornets
  6 blink frogs (Lair:2)
  A wraith (D:9)
  Sigmund (D:6)
  A shadow (D:9)
  A fire elemental (Lair:1)
  3 basilisks
  3 wyverns
  63 yaks
  Eustachio (D:5)
  A steam dragon (D:9)
  Menkaure (D:6)
  10 water moccasins
  7 orc warriors
  A black bear (D:5)
  An ice beast (D:6)
  2 ogres
  3 sky beasts
  A necrophage (D:8)
  35 wolves
  7 centaurs
  A kobold brigand (D:5)
  13 bullfrogs
  4 scorpions
  13 killer bees
  5 wights (D:9)
  3 electric eels (D:9)
  4 jellies
  2 centaur zombies (D:9)
  4 hounds
  A gnoll shaman (D:7)
  3 orc priests
  5 iguanas
  6 orc wizards
  A killer bee zombie (D:7)
  2 hound skeletons
  Robin (D:3)
  2 howler monkey zombies
  4 gnolls (D:7)
  2 howler monkey skeletons (D:7)
  9 adders
  14 white imps
  3 ufetubi
  A worm (D:3)
  A dart slug (D:2)
  32 orcs
  12 endoplasms
  3 giant cockroaches
  10 goblins
  10 hobgoblins
  8 jackals
  21 kobolds
  4 quokkas
  6 ball pythons
  2 bats (D:3)
  4 frilled lizards
  A jackal skeleton (D:4)
  5 rats
420 creatures vanquished.

Vanquished Creatures (others)
  A wolf (IceCv)
  13 fungi
  22 plants
  A withered plant (D:2)
37 creatures vanquished.

Grand Total: 457 creatures vanquished

Notes
Turn   | Place    | Note
-------+----------+-------------------------------------------
     0 | D:1      | bande the Gargoyle Fighter began the quest for the Orb.
     0 | D:1      | Reached XP level 1. HP: 14/14 MP: 1/1
   102 | D:1      | Identified a scroll of acquirement
   102 | D:1      | Acquired a manual of Shields
   228 | D:1      | Reached XP level 2. HP: 19/19 MP: 2/2
   434 | D:1      | Reached skill level 4 in Shields
   697 | D:1      | Reached XP level 3. HP: 22/23 MP: 3/3
   994 | D:2      | Found a sparkling altar of Nemelex Xobeh.
  1106 | D:2      | Found a faded altar of an unknown god.
  1516 | D:2      | Reached XP level 4. HP: 28/28 MP: 4/4
  1939 | D:3      | Reached skill level 5 in Shields
  2620 | D:3      | Noticed Robin
  2629 | D:3      | Reached XP level 5. HP: 33/33 MP: 5/5
  2633 | D:3      | Killed Robin
  3208 | D:4      | Found a glowing silver altar of Zin.
  3285 | D:4      | Reached XP level 6. HP: 32/38 MP: 6/6
  3424 | D:4      | Reached skill level 6 in Shields
  3520 | D:4      | Reached skill level 1 in Dodging
  4170 | D:5      | Entered Level 5 of the Dungeon
  4268 | D:5      | Found a staircase to the Ecumenical Temple.
  4279 | Temple   | Entered the Ecumenical Temple
  4388 | Temple   | Became a worshipper of Warmaster Okawaru
  4482 | D:5      | Noticed a water moccasin
  4502 | D:5      | Killed a water moccasin
  4503 | D:5      | Reached XP level 7. HP: 32/43 MP: 7/7
  4769 | D:5      | Reached skill level 1 in Invocations
  4780 | D:5      | Reached skill level 7 in Shields
  4785 | D:5      | Reached skill level 5 in Axes
  5600 | D:5      | Noticed Eustachio
  5614 | D:5      | Reached * piety under Okawaru
  5615 | D:5      | Reached XP level 8. HP: 19/48 MP: 9/9
  5627 | D:5      | Killed Eustachio
  5628 | D:5      | Reached skill level 8 in Shields
  6049 | D:5      | Found a glowing golden altar of the Shining One.
  7115 | D:6      | Reached skill level 5 in Armour
  7274 | D:6      | Noticed Sigmund
  7311 | D:6      | Killed Sigmund
  7644 | D:6      | Reached skill level 5 in Fighting
  7644 | D:6      | Reached skill level 9 in Shields
  7704 | D:6      | Reached ** piety under Okawaru
  7763 | D:6      | Found a radiant altar of Vehumet.
  7764 | D:6      | Found an ancient bone altar of Kikubaaqudgha.
  7764 | D:6      | Found a bloodstained altar of Trog.
  7765 | D:6      | Found a shadowy altar of Dithmenos.
  7767 | D:6      | Found a broken altar of Ashenzari.
  7777 | D:6      | Reached XP level 9. HP: 50/54 MP: 11/11
  7777 | D:6      | Found a white marble altar of Elyvilon.
  7838 | D:6      | Noticed Menkaure
  7843 | D:6      | Killed Menkaure
  8638 | D:7      | Found a stormy altar of Qazlal.
  8963 | D:7      | Reached skill level 10 in Shields
  9003 | D:7      | Noticed a hornet
  9015 | D:7      | Killed a hornet
  9297 | D:7      | Noticed Joseph
  9312 | D:7      | Killed Joseph
  9312 | D:7      | Reached *** piety under Okawaru
  9312 | D:7      | Received a gift from Okawaru
  9313 | D:7      | Reached skill level 5 in Invocations
  9479 | D:7      | Found Agummu's Weapon Shop.
  9551 | D:7      | Reached XP level 10. HP: 59/60 MP: 14/14
  9922 | D:8      | Noticed Maurice
  9966 | D:8      | Killed Maurice
  9967 | D:8      | Reached skill level 11 in Shields
 10056 | D:8      | Reached **** piety under Okawaru
 10065 | D:8      | Reached skill level 1 in Evocations
 10387 | D:8      | Noticed Gastronok
 10417 | D:8      | Killed Gastronok
 10417 | D:8      | Reached ***** piety under Okawaru
 10418 | D:8      | Reached skill level 12 in Shields
 10418 | D:8      | Reached XP level 11. HP: 26/66 MP: 14/16
 12169 | D:9      | Found a staircase to the Orcish Mines.
 12197 | D:9      | Got the Guide on Aerial Displacement
 12200 | D:9      | Learned a level 1 spell: Apportation
 12409 | D:9      | Identified the +1 ring mail of Xeasauf {rN+} (Okawaru
                  | gifted it to you on level 9 of the Dungeon)
 12409 | D:9      | Received a gift from Okawaru
 12410 | D:9      | Reached skill level 1 in Translocations
 12826 | D:9      | Reached skill level 13 in Shields
 12893 | D:9      | Found a staircase to the Lair.
 13194 | D:9      | Reached skill level 10 in Axes
 13636 | Lair:1   | Entered Level 1 of the Lair of Beasts
 13746 | Lair:1   | Reached XP level 12. HP: 64/72 MP: 16/18
 13768 | Lair:1   | Noticed a six-headed hydra
 13799 | D:9      | Killed a six-headed hydra
 15156 | Lair:1   | Received a gift from Okawaru
 15487 | Lair:2   | Noticed Harold
 15501 | Lair:2   | Killed Harold
 15532 | Lair:2   | Reached skill level 5 in Evocations
 15635 | Lair:2   | Noticed a four-headed hydra
 15635 | Lair:2   | Noticed a seven-headed hydra
 15688 | Lair:1   | Killed a four-headed hydra
 15961 | Lair:1   | Killed a seven-headed hydra
 15962 | Lair:1   | Reached skill level 14 in Shields
 16275 | Lair:2   | Reached ****** piety under Okawaru
 16882 | Lair:3   | Received a gift from Okawaru
 16920 | Lair:3   | Reached XP level 13. HP: 78/78 MP: 19/19
 17058 | Lair:3   | Found a staircase to the Shoals.
 17701 | Lair:3   | Received a gift from Okawaru
 19096 | Lair:4   | Found a hole to the Spider Nest.
 19830 | Lair:5   | Found a frozen archway.
 19891 | IceCv    | Entered an ice cave
 19951 | IceCv    | Reached skill level 5 in Translocations
 20967 | IceCv    | Reached skill level 10 in Invocations
 21092 | IceCv    | Received a gift from Okawaru
 21620 | IceCv    | Gained mutation: Your large and strong wings let you fly.
                  | [Gargoyle growth]
 21620 | IceCv    | Reached XP level 14. HP: 44/84 MP: 21/21
 21882 | IceCv    | Noticed a frost giant
 21895 | IceCv    | Engulfed by a cloud of freezing vapour

Illustrated notes

Levels and vault maps discovered:
D:1:      lemuel_arrival_river_bridge, layout_loops_ring
D:2:      layout_rooms, ebering_ecumenical_altar_petrified, basic_altar,
          st_stairs_2, minmay_puff
D:3:      minmay_wonky_spiral, layout_basic, uniq_robin
D:4:      layout_loops_ring, amcnicky_altar_gilded, minmay_misc_feat_room
D:5:      layout_layer_cave, nicolae_overflow_crystal_walls,
          minmay_temple_entry_crystal_x, uniq_eustachio
D:6:      layout_basic, minitemple, uniq_menkaure, uniq_sigmund
D:7:      layout_cave_pools, grunt_qazlal_sundering, serial_shops,
          nicolae_shop_waterfront, skrybe_limestone_x, glass_columns_a,
          uniq_joseph
D:8:      layout_basic, uniq_maurice, uniq_gastronok
D:9:      minmay_angry_zag, layout_cross, erik_lair_island
Temple:   minmay_temple_curvy_loop
Lair:1:   layout_gridlike, grunt_megastairs_1
Lair:2:   beast_lair_carwin_large_2, layout_gridlike, uniq_harold
Lair:3:   layout_misc_corridors, minmay_shoals_entry_centaurs,
          bh_autumn_forest_stairs, st_stairs_3
Lair:4:   layout_misc_corridors, nicolae_spider_entry_orb_guardian
Lair:5:   gammafunk_mikee_crab_dinner, layout_cave_pods,
          dpeg_slime_entry_enclosed_altar, portal_ice_cave_entry_imps,
          minmay_lair_oklob_chamber, lemuel_fruit_fields
IceCv:    ice_cave_caverns_02

Skill      XL: |  1  2  3  4  5  6  7  8  9 10 11 12 13 |
---------------+----------------------------------------+-----
Axes           | 2 3 4 5 6 7 9 10 11 | 11.8
Shields        | 4 5 6 7 9 10 12 13 14 | 14.8
Fighting       | 4 5 6 7 8 |  8.6
Armour         | 4 5 6 7 8 |  8.4
Dodging        | 1 2 |  2.3
Invocations    | 2 3 5 6 8 9 10 | 10.2
Evocations     | 2 4 5 6 |  6.9
Translocations | 2 4 5 |  5.3

Action                   |  1- 3 |  4- 6 |  7- 9 | 10-12 | 13-15 || total
-------------------------+-------+-------+-------+-------+-------++-------
Melee: War axe           |   113 |   223 |   347 |   668 |   615 ||  1966
       Flail             |       |       |       |    34 |       ||    34
Invok: Heroism           |       |       |       |     3 |     4 ||     7
  Use: Scroll            |     5 |     4 |     4 |     8 |     4 ||    25
       Potion            |     1 |       |     2 |     4 |     2 ||     9
 Stab: Petrified         |       |       |       |       |     8 ||     8
       Petrifying        |       |       |       |       |     1 ||     1
Armor: Scale mail        |    67 |    85 |       |       |       ||   152
       Chain mail        |       |    28 |   286 |    24 |       ||   338
       Plate armour      |       |       |       |   304 |   307 ||   611
Dodge: Dodged            |    35 |    65 |   131 |   133 |   118 ||   482
Block: Kite shield       |    72 |   163 |   366 |   810 |   731 ||  2142
       Reflection        |       |       |       |    11 |    16 ||    27

Table legend: (Time is in decaauts)
 A = Elapsed time spent in this place.
 B = Non-inter-level travel time spent in this place.
 C = Inter-level travel time spent in this place.
 D = Time resting spent in this place.
 E = Time spent auto-exploring this place.
 F = Levels seen in this place.
 G = Mean time per level.
                   A        B        C        D        E       F      G
               +--------+--------+--------+--------+--------+-----+--------+
         Total |  22240 |  22141 |     99 |   8478 |   9167 |  16 | 1390.0 |
       Dungeon |  14306 |  14270 |     36 |   5166 |   6432 |   9 | 1589.6 |
        Temple |    177 |    114 |     63 |      0 |    104 |   1 |  177.0 |
          Lair |   5780 |   5780 |      0 |   1981 |   2452 |   5 | 1156.0 |
      Ice Cave |   1975 |   1975 |      0 |   1331 |    178 |   1 | 1975.0 |
               +--------+--------+--------+--------+--------+-----+--------+

Top non-repeatable levels by time:
     D:5: 2797 daAuts
     D:9: 2141 daAuts
     D:8: 2137 daAuts
   IceCv: 1975 daAuts
  Lair:1: 1820 daAuts
     D:6: 1783 daAuts
  Lair:3: 1543 daAuts
  Lair:4: 1324 daAuts
     D:3: 1272 daAuts
     D:4: 1178 daAuts
     D:7: 1100 daAuts
     D:1: 1018 daAuts
  Lair:2: 940 daAuts
     D:2: 878 daAuts
  Temple: 177 daAuts
